[Event "III GM Brena Baja-La Palma 2022"]
[Site "La Palma"]
[Date "2022.04.11"]
[Round "5.2"]
[White "Pulvett Marin, Daniel Eduardo"]
[Black "Kurajica, Bojan"]
[Result "1/2-1/2"]
[ECO "E11"]
[WhiteElo "2499"]
[BlackElo "2519"]
[Annotator "TA"]
[PlyCount "88"]
[EventDate "2022.04.01"]
[EventType "tourn"]
[EventCountry "ESP"]
[SourceTitle "playchess.com"]
[Source "ChessBase"]
[SourceQuality "1"]
[TimeControl "5400+30"]

1. d4 Nf6 2. c4 e6 3. Nf3 Bb4+ 4. Nbd2 d5 5. Qa4+ Nc6 6. a3 Bxd2+ 7. Bxd2 Ne4 8. Bf4 {[%emt 0:00:28] E11: Bogo-Indian.} g5 9. Be3 f5 10. g3 $1 {[%emt 0:00:27] [#] Prevents f4. White has an edge.} Bd7 $146 ({Predecessor:} 10... O-O 11. Rd1 Kh8 12. Bg2 f4 13. Bc1 g4 14. cxd5 exd5 15. Ne5 f3 16. exf3 gxf3 17. Bxf3 Nxe5 18. dxe5 {1-0 (63) Ivanchuk,V (2764)-Short,N (2658) Caleta 2011}) 11. Qc2 Qf6 12. Rd1 (12. cxd5 $11 exd5 13. h4) 12... f4 $15 13. gxf4 gxf4 14. Bc1 O-O-O 15. h4 Be8 16. b4 Bg6 {[%emt 0:02:22][%cal Oe4f2] And now ...Nxf2! would win.} 17. b5 (17. Rg1 $17) 17... Na5 $1 $19 (17... Nxf2 18. Qa4 Nxd4 19. Rxd4 (19. Kxf2 Bc2 $15) 19... Nxh1 20. Bxf4 $11) 18. Qa4 {[#]} b6 $40 {[%mdl 128] aiming for ...Nc3. White is in trouble.} ({Inferior is} 18... Nxc4 19. h5 $15) 19. h5 Be8 20. Qb4 {[%emt 0:10:38] Prevents Nc3.} Nxc4 21. Rh4 Qf8 ({Black should try} 21... Ncd6 $17 22. Rxf4 Qe7) 22. Bh3 $15 Qxb4+ 23. axb4 Bxb5 24. Bxe6+ ({White should play} 24. Bxf4 $15 Bd7 25. Rc1) 24... Kb7 25. Rxf4 $2 (25. Bxf4 $17 Nc3 26. e3) 25... Rhe8 $19 26. Bf7 Re7 27. Kf1 c6 (27... Rdd7 $142 28. Bg8 Nc3) 28. h6 Rd6 29. Re1 Rxh6 30. Kg2 Nc3 $2 (30... Kc7 $19 {Hoping for ...a5.} 31. Rf5 {[#]} Ned6 $1 32. Bxh6 Nxf5 33. Bf4+ Ncd6) 31. Rf5 $11 Nd6 {[%emt 0:01:37] Pair of Knights!} 32. Re5 Rxf7 33. Bxh6 Nde4 34. Be3 Bxe2 35. Nh4 {[%emt 0:01:24] Black must now prevent f3.} Bd3 36. f3 Nd6 37. Bd2 Nb1 (37... Ncb5 $11) 38. Re7+ (38. Bh6 $14) 38... Ka6 {[%emt 0:00:05] ...Rxe7 is the strong threat.} 39. Rxf7 Nxf7 40. Bf4 {[%emt 0:00:04] Strongly threatening Rd1.} Nh8 41. Re3 (41. Rd1 $16 Ng6 42. Bg5 (42. Nxg6 Bxg6 43. Bb8 Kb5 $11) 42... Nxh4+ 43. Bxh4) 41... Bc2 42. Re2 {[%emt 0:00:02][%mdl 1024] White has compensation.} Bd3 43. Re3 Bc2 44. Re2 Bd3 $1 {[%emt 0:00:05] White happily takes the draw.  Weighted Error Value: White=0.23 (precise) /Black=0.21 (precise)} 1/2-1/2

[Event "III GM Brena Baja-La Palma 2022"]
[Site "La Palma"]
[Date "2022.04.11"]
[Round "5.3"]
[White "Zwirs, Nico"]
[Black "Herrera Reyes, Jose Antonio"]
[Result "1-0"]
[ECO "B42"]
[WhiteElo "2461"]
[BlackElo "2319"]
[Annotator "TA"]
[PlyCount "69"]
[EventDate "2022.04.01"]
[EventType "tourn"]
[EventCountry "ESP"]
[SourceTitle "playchess.com"]
[Source "ChessBase"]
[SourceQuality "1"]
[TimeControl "5400+30"]

1. e4 c5 2. Nf3 e6 3. d4 cxd4 4. Nxd4 a6 5. Bd3 Bc5 6. Nb3 Ba7 7. Qe2 $1 {[%emt 0:01:36] 7.Qe2 is better than 7.0-0.} d6 8. Be3 {[%emt 0:00:39] B42: Sicilian: Kan Variation: 5 Bd3.} e5 9. Nc3 {[%emt 0:06:55] [#]} Nf6 $146 ({Predecessor:} 9... Ne7 10. O-O-O O-O 11. Bxa7 Rxa7 12. Qe3 Nbc6 13. Be2 Be6 14. Nc5 Bxa2 15. Nxa2 Qa5 16. Rxd6 Qxa2 {1-0 (38) Aitbayev,A (2346)-Neverov,V (2500) St Petersburg 2011}) 10. O-O-O {[%emt 0:02:27] White has an edge.} O-O 11. Rhg1 b5 12. g4 Be6 ({Better is} 12... Bxe3+ $15 13. fxe3 b4) 13. g5 Nfd7 14. Nd5 Nc6 15. Kb1 g6 (15... Ne7 $11 {keeps the balance.}) 16. h4 $16 {[%emt 0:01:40] 0x0.00059bf61f76dp-1022s more active pieces. The black rooks are badly placed.} Bxe3 17. Qxe3 Bxd5 18. exd5 Ne7 19. Be2 (19. h5 $16) 19... a5 (19... Nb6 $11) 20. Bxb5 {[%emt 0:05:13] White leaves nothing to chance now.} Nf5 21. Qe4 a4 (21... Qc7 $16 {might work better.}) 22. Bxa4 $18 Ra7 (22... h5 {was worth a try.} 23. Rge1 Qc7) 23. f4 exf4 24. Qxf4 Ne5 25. Bb5 Qb6 26. a4 Rfa8 (26... Ne3 $142 27. Rde1 Nxd5) 27. Rge1 Qc7 28. h5 Rc8 29. Re2 Rca8 30. h6 {[%emt 0:00:54] Inhibits Ng7.} Qb6 31. Rde1 f6 32. gxf6 Kf7 (32... Rf8 $142 33. c3 (33. Qg5 Nf3 $16) 33... Raf7) 33. Rxe5 dxe5 34. Qxe5 Qxf6 35. Be8+ {[%emt 0:00:07] Weighted Error Value: White=0.17 (very precise) /Black=0.61} 1-0

[Event "III GM Brena Baja-La Palma 2022"]
[Site "La Palma"]
[Date "2022.04.12"]
[Round "6.1"]
[White "Strikovic, Aleksa"]
[Black "Herrera Reyes, Jose Antonio"]
[Result "1-0"]
[ECO "B42"]
[WhiteElo "2486"]
[BlackElo "2319"]
[Annotator "TA"]
[PlyCount "69"]
[EventDate "2022.04.01"]
[EventType "tourn"]
[EventCountry "ESP"]
[SourceTitle "playchess.com"]
[Source "ChessBase"]
[SourceQuality "1"]
[TimeControl "5400+30"]

1. c4 Nf6 2. Nc3 c5 3. Nf3 e6 4. d4 cxd4 5. Nxd4 a6 6. e4 Qc7 7. Bd3 d6 8. O-O Nbd7 9. Be3 b6 {[%emt 0:03:57] B42: Sicilian: Kan Variation: 5 Bd3.} 10. Rc1 {[%emt 0:04:55] &Bianco is much more active. The black rooks are badly placed.} Ne5 (10... Bb7 $14) 11. Be2 $16 Be7 {[%emt 0:16:53] White is better.} 12. f4 {[%emt 0:06:52][%cal Bf2f4,Bf4f5,Bf5e6][%mdl 32] [#]} Ng6 $146 ({Predecessor:} 12... Ned7 13. Bf3 Bb7 14. Qe2 Rc8 15. b3 Qb8 16. Bf2 O-O 17. g4 g6 {½-½ (38) Mainka,R (2461)-Cramling,P (2477) Germany 2005}) 13. g3 h5 14. h3 Bb7 (14... Qd7 $16 {is a better defense.}) 15. Bf3 (15. f5 $18 Nf8 16. fxe6 fxe6 17. b4) 15... Rc8 16. Bg2 (16. f5 $142 Nf8 17. fxe6 fxe6 18. b3) 16... Qb8 (16... Qxc4 $2 17. Na4 (17. Nd5 Qxa2 18. Rxc8+ Bxc8 $16) 17... Qb4 18. Rxc8+ Bxc8 19. a3 $18) ({Better is} 16... Qd7) 17. f5 Ne5 (17... Nf8 $16 {was necessary.}) 18. fxe6 $18 Rxc4 19. Nd5 Rxc1 20. Qxc1 {[%emt 0:02:07] The board is on fire.} (20. Bxc1 $6 Nxd5 21. exf7+ (21. exd5 O-O $18) 21... Nxf7 $18) 20... Bxd5 (20... Bd8 {was called for.} 21. Qd1 b5 22. Nxf6+ (22. exf7+ Kxf7 23. Nxf6 Bxf6 $16) 22... Bxf6) 21. exd5 O-O 22. Nf5 Qd8 23. Bd4 {[%emt 0:08:58] A strong pair of Bishops.} Ne8 {[%emt 0:04:29] [#]} 24. Qd1 (24. Qc8 $142 $3 Ng6 25. exf7+ Rxf7 26. Qe6) 24... h4 $2 (24... fxe6 25. dxe6 Rf6) 25. gxh4 Bxh4 $2 (25... fxe6 26. dxe6 b5) 26. Bxe5 dxe5 27. Qg4 Bg5 28. e7 Bxe7 29. Nh6+ {[%emt 0:00:16][%mdl 64] Deflection} Kh7 30. Nxf7 {[%emt 0:00:13] Intending Qh5+ and mate.} Qc7 31. Kh1 (31. Qh5+ $142 Kg8 32. Qh8#) 31... Nf6 32. Ng5+ $2 $40 {[%emt 0:00:11][%mdl 128] Black needs to defend precisely.} (32. Qh4+ $18 Kg8 {[#]} 33. d6 $1 Bxd6 34. Ng5) 32... Kg6 $2 (32... Kh6 $11 33. Rxf6+ gxf6 34. Qh4+ Kg6) 33. Qf5+ Kh6 34. Ne6 (34. Be4 $142 Nxe4 35. Qh7+ Kxg5 36. Rg1+ Ng3+ 37. Rxg3+ Kf4 38. Rg4+ Ke3 39. Qe4+ Kd2 40. Rg2+ Rf2 41. Rxf2+ Kd1 42. Qe2+ Kc1 43. Rf1#) 34... Qc4 (34... Nh5 $18 35. Qxf8 (35. Nxc7 Rxf5 36. Rxf5 Ng3+ 37. Kg1 Nxf5 $11) 35... Ng3+ 36. Kg1 Bxf8 37. Nxc7 Bc5+ 38. Rf2 e4) 35. Qg5+ {[%emt 0:00:08] Weighted Error Value: White=1.03/Black=1.34} 1-0

[Event "III GM Brena Baja-La Palma 2022"]
[Site "La Palma"]
[Date "2022.04.12"]
[Round "6.2"]
[White "Zwirs, Nico"]
[Black "Kurajica, Bojan"]
[Result "0-1"]
[ECO "B28"]
[WhiteElo "2461"]
[BlackElo "2519"]
[Annotator "TA"]
[PlyCount "180"]
[EventDate "2022.04.01"]
[EventType "tourn"]
[EventCountry "ESP"]
[SourceTitle "playchess.com"]
[Source "ChessBase"]
[SourceQuality "1"]
[TimeControl "5400+30"]

1. e4 c5 2. Nf3 a6 3. c3 d6 4. d4 Nd7 5. Bd3 e6 6. O-O Ne7 7. Nbd2 Ng6 8. Re1 Be7 9. Nf1 O-O 10. Ng3 b5 11. a4 c4 12. Bf1 Bb7 13. b3 d5 14. e5 Qc7 15. Bd2 Bc6 16. a5 Rae8 17. b4 f6 18. exf6 Bxf6 19. Ng5 Bxg5 20. Bxg5 h6 21. Be3 Nf6 22. Ra2 Re7 23. Rc2 Be8 24. Nh5 Ne4 25. Ng3 Nd6 26. Rce2 Nh4 27. Qc1 Ne4 28. Nxe4 dxe4 29. Rd2 (29. Bd2 $5 ) 29... Rf5 30. Qd1 Qc6 (30... Bh5 $15 31. Be2 Bxe2 32. Rdxe2 Qc6) 31. Qg4 $14 g5 32. f3 $2 (32. Be2 $14) 32... exf3 $17 33. Bf2 fxg2 34. Bxg2 Qxg2+ 35. Qxg2 Nxg2 36. Kxg2 Bc6+ 37. Kg1 Bd5 $1 38. Re5 Rf3 (38... Ref7 $1 $19 {Threatens to win with ...Rf3.} 39. Rde2 Rf3) 39. Be3 $2 (39. Be1 $17 {is a better defense.}) 39... Kh7 40. Rf2 Ref7 41. Rxf3 Rxf3 42. Bd2 Rd3 $1 43. Re2 Kg6 44. Kf2 Kh5 45. Be1 Rf3+ 46. Kg1 Kg4 47. Rg2+ Kf4 48. Rg3 $2 (48. Re2) 48... Ke3 49. Rxf3+ Bxf3 50. d5 Bxd5 $2 (50... e5 51. Bg3 e4) 51. Bg3 h5 52. Bd6 g4 53. Bg3 Kd3 54. Be5 Ke4 55. Bf6 $2 (55. Bd6) 55... Kf3 $2 (55... e5 {[%cal Oh5h4] Hoping for ...h4!} 56. Kf2 h4) 56. Be5 Be4 57. Bg3 Ke3 58. Be5 Bf3 59. Bf6 Ke2 60. Be5 h4 61. Bf6 Kd3 62. Kf2 Bd1 63. Kg2 Bf3+ 64. Kf2 Be4 65. Be5 Kd2 66. Bf6 g3+ 67. Kg1 gxh2+ 68. Kxh2 Bf5 69. Kg2 h3+ 70. Kf2 Kd3 71. Be5 Be4 72. Kg3 {[%emt 0:00:18] [#]} Bg2 $1 73. Kf2 Ke4 74. Bh2 Bf3 75. Bg3 $2 {[%emt 0:00:21][%mdl 8192] [#]} (75. Kg1 $17) 75... Kd3 $1 76. Be5 h2 $1 77. Bxh2 Kxc3 78. Kxf3 Kxb4 79. Ke3 Kxa5 80. Kd2 b4 81. Kc2 Kb5 82. Kb2 a5 83. Bc7 a4 84. Bd6 c3+ 85. Kb1 Kc4 86. Ka2 b3+ 87. Ka3 Kd3 88. Bf4 b2 89. Ka2 Kc2 90. Bc1 Kxc1 (90... b1=Q+ $142 91. Ka3 Qb3#) 0-1

[Event "III GM Brena Baja-La Palma 2022"]
[Site "La Palma"]
[Date "2022.04.12"]
[Round "6.3"]
[White "Pulvett Marin, Daniel Eduardo"]
[Black "Petkov, Vladimir"]
[Result "1-0"]
[ECO "E92"]
[WhiteElo "2499"]
[BlackElo "2491"]
[Annotator "TA"]
[PlyCount "133"]
[EventDate "2022.04.01"]
[EventType "tourn"]
[EventCountry "ESP"]
[SourceTitle "playchess.com"]
[Source "ChessBase"]
[SourceQuality "1"]
[TimeControl "5400+30"]

1. d4 Nf6 2. c4 g6 3. Nc3 Bg7 4. e4 d6 5. Nf3 O-O 6. Be2 e5 7. d5 a5 8. Bg5 Na6 9. Nd2 Qe8 10. h4 {[%emt 0:02:28][%cal Bh2h4,Bh4h5][%mdl 32] E92: King's Indian: Classical: 6 Be2 e5: 7 dxe5, 7 Be3 and Petrosian System without 7...Nbd7.} h6 11. Be3 Nd7 {[%emt 0:00:35] [#]} 12. g4 $1 {[%emt 0:10:08] White is better.} Ndc5 {[%emt 0:00:36] [#]} 13. Rg1 $146 ({Predecessor:} 13. g5 h5 14. Nb3 a4 15. Nxc5 Nxc5 16. Qc2 Bd7 17. Rg1 c6 18. O-O-O Qe7 19. Qd2 {0-1 (44) Cuenca Jimenez,J (2506)-Dominguez Alcon,V (2172) Linares 2018}) 13... c6 14. h5 g5 15. Nb3 Qd8 16. f3 cxd5 17. cxd5 (17. Nxd5 b6) 17... a4 18. Nxc5 Nxc5 19. Bb5 Bd7 20. Qe2 Ra5 21. Kf2 Bxb5 22. Nxb5 Qd7 23. Na3 Rc8 24. Rac1 Bf6 25. Rc2 Bd8 26. Rgc1 b5 {[%emt 0:04:18] Prevents Nc4.} (26... b6 $16 {was called for.} 27. Kf1 Kh7) 27. Kg3 $18 (27. Bxc5 Rxc5 28. Kg2 (28. Rxc5 Bb6 $11) 28... Bb6 $14) 27... Bb6 28. Bd2 Rca8 29. Bb4 Kh7 30. Rc3 R8a6 31. Nc2 Ra8 32. Na3 $2 ({White should play} 32. Ne3 $18) 32... Qe8 $2 (32... R8a6 $1 $11 33. Bxa5 Rxa5) 33. Bxa5 Rxa5 34. Nc2 Ra8 35. Nb4 Ba5 36. Nc6 {[%emt 0:00:34] Rxc5 is the strong threat.} (36. a3 $6 Bxb4 37. axb4 Nb3) 36... Bxc3 37. Rxc3 Rc8 (37... Rb8 $142 38. Nxb8 Qxb8) 38. Qxb5 Rc7 39. Qc4 Rb7 $2 (39... Qa8 40. Kh3 Kg7) 40. b4 axb3 41. axb3 Qa8 42. b4 Nd7 43. Na5 Qa7 44. Kg2 {[%emt 0:00:06] Prevents Qg1+. Active counter play!} (44. Nxb7 Qg1+ 45. Kh3 Qh1+ 46. Kg3 Qg1+ 47. Kh3 Qh1+ 48. Kg3 Qg1+ $11) 44... Nb6 45. Qc6 Rd7 46. Rc2 Na8 47. Qc8 {[%emt 0:02:46] Black must now prevent Nc6.} (47. Nc4 Rc7 48. Qxd6 Qa4 $14) 47... Rc7 {[%emt 0:00:34] [#]} (47... Nb6 48. Qc6 Kg7) 48. Rxc7 $1 Nxc7 49. Qd7 $2 (49. Qf8 {White wants to mate with Nc6.} Ne8 50. Qxe8) 49... Kg8 50. Qd8+ (50. Qxd6 Qe3 51. Qc5 (51. Qxc7 Qe2+ 52. Kg3 Qe1+ 53. Kh3 Qh1+ 54. Kg3 Qe1+ 55. Kh3 Qh1+ 56. Kg3 Qe1+ $11) 51... Qd2+ 52. Qf2 Qxb4 $18) 50... Kg7 51. Qxd6 Qe3 (51... Qd4 $142 52. Qc5 Qd2+ 53. Qf2 (53. Kh3 Na6 $11) 53... Qxb4) 52. Qxe5+ (52. Qxc7 Qe2+ 53. Kh3 Qxf3+ 54. Kh2 Qf2+ 55. Kh3 Qf3+ 56. Kh2 Qf2+ 57. Kh3 Qf3+ $11) 52... Kh7 53. Qb2 {[%emt 0:00:16] Strongly threatening Nc4.} (53. Qxc7 Qe2+ 54. Kh3 (54. Kg3 Qe1+ 55. Kg2 Qe2+ 56. Kh3 Qf1+ 57. Kh2 Qf2+ 58. Kh3 Qf1+ 59. Kh2 Qf2+ 60. Kh3 Qf1+ $11) 54... Qf1+ 55. Kh2 (55. Kg3 Qe1+ 56. Kh3 Qf1+ 57. Kh2 Qf2+ 58. Kh3 Qf1+ $11) 55... Qf2+ 56. Kh3 Qf1+ 57. Kh2 (57. Kg3 Qe1+ 58. Kh3 Qf1+ $11) 57... Qf2+ 58. Kh3 Qf1+ $11) 53... Nb5 54. Nc4 Qd3 55. Ne5 Qd1 56. Nc6 Na3 57. Qd4 ({Worse is} 57. Qxa3 Qe2+ 58. Kh3 Qf1+ 59. Kh2 (59. Kg3 Qe1+ 60. Kg2 Qe2+ 61. Kh3 Qf1+ 62. Kh2 Qf2+ 63. Kh3 Qf1+ $11) 59... Qf2+ 60. Kh3 (60. Kh1 Qf1+ 61. Kh2 Qf2+ 62. Kh3 Qf1+ 63. Kh2 $11) 60... Qf1+ 61. Kh2 (61. Kg3 Qe1+ 62. Kg2 Qe2+ 63. Kh3 Qf1+ $11) 61... Qf2+ 62. Kh3 (62. Kh1 Qf1+ 63. Kh2 $11) 62... Qf1+ $11) 57... Qc1 58. Qa7 (58. Qf6 $142 Qf4 59. Qxf4 gxf4 60. d6 Kg7 61. d7 Nc2 62. d8=Q Ne1+ 63. Kf2) 58... Nc2 59. Qxf7+ {[%emt 0:00:05] White mates.} Kh8 60. Qf8+ Kh7 61. Qf5+ Kh8 62. Qf6+ Kh7 63. Qg6+ Kh8 64. Qxh6+ Kg8 65. Ne7+ Kf7 66. Qe6+ Ke8 67. Nf5+ {[%emt 0:00:26] Weighted Error Value: White=0.44/Black=0.52} 1-0

[Event "III GM Brena Baja-La Palma 2022"]
[Site "La Palma"]
[Date "2022.04.12"]
[Round "7.2"]
[White "Petkov, Vladimir"]
[Black "Zwirs, Nico"]
[Result "0-1"]
[ECO "D36"]
[WhiteElo "2491"]
[BlackElo "2461"]
[Annotator "TA"]
[PlyCount "68"]
[EventDate "2022.04.01"]
[EventType "tourn"]
[EventCountry "ESP"]
[SourceTitle "playchess.com"]
[Source "ChessBase"]
[SourceQuality "1"]
[TimeControl "5400+30"]

1. d4 Nf6 2. c4 e6 3. Nc3 d5 4. cxd5 exd5 5. Bg5 c6 6. Qc2 Be7 7. e3 O-O 8. Bd3 h6 9. Bh4 Re8 10. Nge2 Nbd7 11. f3 b5 $1 {[%emt 0:00:30][%mdl 4] outshines the older 11...c5. D36: Queen's Gambit Declined: Exchange Variation: Main line (5 Bg5 c6 6 Qc2).} 12. O-O Nb6 {[%emt 0:01:16] [#]} 13. e4 $146 ({Predecessor:} 13. Rad1 Bd7 14. Kh1 Rc8 15. a3 a5 16. Qd2 b4 17. axb4 axb4 18. Na2 c5 19. dxc5 Bxc5 {0-1 (70) So,W (2772)-Firouzja,A (2759) chess24.com INT 2021}) 13... dxe4 {[%emt 0:00:49] Black has an edge.} (13... b4 $5 14. e5 bxc3 15. exf6 Bxf6 16. Bxf6 Qxf6 $11) 14. fxe4 Ng4 15. Bxe7 Qxe7 16. Rf3 {[%emt 0:00:54] Prevents Ne3.} (16. Rf4 $14) 16... b4 $11 17. Nd1 c5 $1 ({Don't do} 17... Qh4 18. h3 $16) 18. h3 Nf6 19. e5 Nfd7 (19... Nfd5 $11 {remains equal.}) 20. e6 $16 fxe6 21. Bh7+ Kh8 22. Nf4 {[%emt 0:01:35] [#] Intending Ng6+ and mate.} Nf8 {[%emt 0:00:45] Threatens to win with ...Bb7.} 23. dxc5 Bb7 $11 24. Re3 Rac8 $15 25. Rc1 Nbd7 26. Ng6+ $2 {[%emt 0:08:42][%mdl 8192] Loses the game.} (26. Be4 $17 {was the crucial defense.} Rxc5 27. Qd2 Rxc1 28. Qxc1 Bxe4 29. Rxe4) 26... Nxg6 $19 {[%emt 0:00:30] Black is clearly winning.} 27. Bxg6 Rxc5 28. Qxc5 (28. Nc3 $142 Rec8 29. Be4 bxc3 30. bxc3 Bxe4 31. Qxe4) 28... Nxc5 29. Bxe8 Qxe8 30. Rxc5 Qg6 {[%emt 0:00:25][%csl Gb7][%cal Rg6g2] [#] Inhibits Rc2.} 31. g4 Qb1 32. Re1 Qd3 {[%emt 0:02:10] ( -> ...Qg3+)} 33. Ne3 Qd6 34. Rc2 Qg3+ {[%emt 0:00:08] Weighted Error Value: White=0.90/Black=0.11 (very precise)} 0-1

[Event "III GM Brena Baja-La Palma 2022"]
[Site "La Palma"]
[Date "2022.04.12"]
[Round "7.3"]
[White "Kurajica, Bojan"]
[Black "Herrera Reyes, Jose Antonio"]
[Result "1-0"]
[ECO "D02"]
[WhiteElo "2519"]
[BlackElo "2319"]
[Annotator "TA"]
[PlyCount "61"]
[EventDate "2022.04.01"]
[EventType "tourn"]
[EventCountry "ESP"]
[SourceTitle "playchess.com"]
[Source "ChessBase"]
[SourceQuality "1"]
[TimeControl "5400+30"]

1. Nf3 Nf6 2. d4 c5 3. c3 d5 4. dxc5 e6 5. Be3 Qc7 {[%emt 0:04:04][%mdl 1024] Black has compensation.} 6. b4 {[%emt 0:03:05] D02: 1 d4 d5 2 Nf3 sidelines, including 2...Nf6 3 g3 and 2...Nf6 3 Bf4.} a5 {[%emt 0:04:07] [#]} 7. a3 $146 ({Predecessor:} 7. Nbd2 Nbd7 8. a3 Be7 9. Bg5 O-O 10. e3 h6 11. Bh4 b6 12. Bg3 e5 13. c6 Qxc6 {1-0 (47) Sadhwani,R (2616)-Michelakos,P (2280) Chess.com INT 2022}) 7... e5 8. Bg5 {[%emt 0:08:03] The position is equal.} Be6 (8... Be7 $11 {remains equal.}) 9. Bxf6 $16 gxf6 10. e3 (10. Nbd2 $5 ) 10... b6 11. Bb5+ Nd7 $1 12. c4 (12. c6 $5 Nb8 13. O-O $11) 12... axb4 $2 {[%emt 0:01:21] [#] Loses the game.} (12... dxc4 $11 {and Black has nothing to worry.} 13. Nbd2 axb4) 13. cxd5 $18 Bg4 14. Bc6 Ra5 (14... Ra7 $142) 15. cxb6 Qxb6 16. a4 b3 (16... Bg7 $142 17. h3 Bh5) 17. O-O Rg8 18. Nbd2 b2 {[%emt 0:02:30] [#] White must now prevent ...Bh3.} 19. Rb1 Qb4 $2 (19... Rc5 {was called for.} 20. a5 Qb4) 20. g3 e4 21. Qc2 {[%emt 0:00:07][%csl LRb2,LRe4] White is clearly winning.} Bxf3 (21... Rc5 $142 22. Qxb2 Qxb2 23. Rxb2 exf3) 22. Nxf3 Rc5 23. Qxb2 Qxb2 24. Rxb2 exf3 25. Rb7 Be7 26. Rxd7 Kf8 27. a5 Rg4 28. a6 Ra5 29. d6 Bxd6 30. Rxd6 Rxa6 31. Rd8+ {[%emt 0:00:21] Weighted Error Value: White=0.34/Black=0.53} 1-0

[Event "III GM Brena Baja-La Palma 2022"]
[Site "La Palma"]
[Date "2022.04.13"]
[Round "8.2"]
[White "Strikovic, Aleksa"]
[Black "Kurajica, Bojan"]
[Result "1/2-1/2"]
[ECO "E18"]
[WhiteElo "2486"]
[BlackElo "2519"]
[Annotator "TA"]
[PlyCount "41"]
[EventDate "2022.04.01"]
[EventType "tourn"]
[EventCountry "ESP"]
[SourceTitle "playchess.com"]
[Source "ChessBase"]
[SourceQuality "1"]
[TimeControl "5400+30"]

1. Nf3 d5 2. d4 e6 3. g3 Nf6 4. Bg2 Be7 5. O-O O-O 6. c4 b6 7. cxd5 exd5 8. Nc3 Bb7 9. Bf4 Na6 10. Rc1 c5 11. dxc5 {[%emt 0:00:20] 11.Ne5 is the modern continuation.} Nxc5 12. Nd4 Qd7 {[%emt 0:00:16] [#]} {Predecessor:} 13. b4 $146 {E18: Queen's Indian: Old Main Line (4 g3 Bb7 5 Bg2 Be7 6 0-0 0-0 7 Nc3).} Ne6 14. Nxe6 Qxe6 15. Nb5 Rac8 16. Nd4 Qd7 17. Qb3 b5 18. Nf3 Bd6 19. Ne5 Qe7 20. Nd3 Bxf4 21. Nxf4 {0-1 (28) Piotrowski,P (2269)-Lewicki,M (2347) Krakow 2019} 1/2-1/2

[Event "III GM Brena Baja-La Palma 2022"]
[Site "La Palma"]
[Date "2022.04.13"]
[Round "8.3"]
[White "Zwirs, Nico"]
[Black "Pulvett Marin, Daniel Eduardo"]
[Result "1/2-1/2"]
[ECO "C54"]
[WhiteElo "2461"]
[BlackElo "2499"]
[Annotator "TA"]
[PlyCount "85"]
[EventDate "2022.04.01"]
[EventType "tourn"]
[EventCountry "ESP"]
[SourceTitle "playchess.com"]
[Source "ChessBase"]
[SourceQuality "1"]
[TimeControl "5400+30"]

1. e4 e5 2. Nf3 Nc6 3. Bc4 Bc5 4. d3 Nf6 5. O-O d6 6. c3 O-O 7. Re1 a5 {[%emt 0:01:52] C54: Giuoco Piano: 4 c3 Nf6, main lines with 5 d4 and 5 d3.} 8. h3 h6 9. Nbd2 Be6 10. Bb5 Qb8 11. Nf1 Qa7 12. d4 exd4 13. Bxc6 dxc3 14. Ba4 $1 {aiming for Qc2.} Bxf2+ 15. Kh2 Bxe1 16. Qxe1 d5 {[%emt 0:00:27] [#]} 17. e5 $146 ({Predecessor:} 17. Be3 Qa6 18. e5 Ne4 19. bxc3 Qc4 20. Bb3 Qxc3 21. N1d2 a4 22. Rc1 Qa5 23. Bc2 {½-½ (60) Alekseenko,K (2671)-Ding,L (2811) Khanty-Mansiysk 2019}) 17... Ne4 18. bxc3 c5 (18... Qc5 $11) 19. c4 $16 {[%mdl 1024] White has strong compensation.} ({Don't play} 19. Ng3 f5 $16) 19... f5 (19... Qb6 $16) 20. exf6 $1 $18 Qb8+ 21. Kh1 {Threatens to win with fxg7. Chess con chili.} Rxf6 {[%emt 0:08:26][%cal Ob7b5] [#]} 22. Bb2 $1 ({Resist} 22. Bc2 $6 Qf8 23. N1h2 (23. Bxe4 dxe4 24. Qxe4 Bxh3 $11) 23... Re8 $14) 22... Rf5 (22... Qf4 {keeps fighting.} 23. Bxf6 Qxf6) 23. cxd5 Bxd5 {[%emt 0:05:49] [#]} 24. Bc2 $2 {This bishop pair is nice.} (24. Rd1 $1 $18 Bc6 25. Bxc6 bxc6 26. Qxe4 Rxf3 27. Be5 Rxf1+ 28. Rxf1) 24... Rxf3 $1 $11 25. Bxe4 Bxe4 (25... Rxf1+ $2 26. Qxf1 Bxe4 27. Qc4+ Kh8 28. Qxe4 $18) 26. gxf3 Bxf3+ 27. Kg1 Ra6 {Inhibits Qe6+. ...Rg6+ is the strong threat.} 28. Qg3 {Inhibits Rg6.} Qxg3+ 29. Nxg3 a4 30. Kf2 a3 {[%emt 0:03:57] [#]} 31. Bxg7 Bd5 32. Bc3 b5 {[%emt 0:02:50] The position is equal.} 33. Nh5 {Strongly threatening Nf6+.} Kf7 {[%emt 0:02:17] Inhibits Nf6.} 34. Nf4 Bc4 35. Ke3 b4 36. Be5 Ra8 37. Rc1 Bxa2 38. Rxc5 Ra7 39. Rb5 b3 {And now ...Re7 would win.} 40. Nd3 b2 41. Bxb2 axb2 42. Nxb2 Be6 43. h4 {Blacks defense is rewarded with a draw.  Weighted Error Value: White=0.16 (very precise) /Black=0.20 (precise)} 1/2-1/2

[Event "III GM Brena Baja-La Palma 2022"]
[Site "La Palma"]
[Date "2022.04.14"]
[Round "9.1"]
[White "Zwirs, Nico"]
[Black "Strikovic, Aleksa"]
[Result "1/2-1/2"]
[ECO "C55"]
[WhiteElo "2461"]
[BlackElo "2486"]
[Annotator "TA"]
[PlyCount "56"]
[EventDate "2022.04.01"]
[EventType "tourn"]
[EventCountry "ESP"]
[SourceTitle "playchess.com"]
[Source "ChessBase"]
[SourceQuality "1"]
[TimeControl "5400+30"]

1. e4 e5 2. Nf3 Nc6 3. Bc4 Nf6 4. d3 Be7 5. O-O O-O 6. Re1 d6 7. a4 $1 {[%emt 0:00:07] 7.a4 is better than 7.c3.} h6 8. Nbd2 {[%emt 0:00:48] C55: Two Knights: 4 d3, 4 d4 exd4 5 e5 and Max Lange Attack.} Na5 9. Ba2 c5 10. c3 {[%emt 0:15:44] The position is equal.} Nc6 11. Nc4 Be6 12. Bd2 a6 13. Ne3 Re8 {[%emt 0:01:49] [#]} 14. Bxe6 $146 ({Predecessor:} 14. h3 Bxa2 15. Rxa2 d5 16. exd5 Nxd5 17. Nc4 Bd6 18. Qb3 Rb8 19. Nxd6 Qxd6 20. a5 {0-1 (61) Mencinger,V (2356)-Stefanov,E (2484) Zadar 2016}) 14... fxe6 15. Nc4 b5 16. Na3 Na7 17. h3 Qd7 18. b4 cxb4 19. cxb4 Rab8 20. axb5 axb5 21. Qb3 Nc6 22. Nc2 Bf8 23. d4 exd4 24. Ncxd4 Nxd4 25. Nxd4 d5 26. exd5 Qxd5 27. Qxd5 Nxd5 28. Nf3 (28. Ra5 $11) 28... Nf6 {Weighted Error Value: White=0.16 (very precise) /Black=0.03 (flawless)} (28... Bxb4 $17 29. Bxb4 Nxb4) 1/2-1/2